 Dungeon Crawl Stone Soup version 0.18-a0-1044-g2bb894f (webtiles) character file.

110 Kristof the Digger (level 4, 0/24 HPs)
             Began as a Gargoyle Earth Elementalist on Jan 11, 2016.
             Slain by stburah's ghost (12 damage)
             ... on level 3 of the Dungeon.
             The game lasted 00:13:25 (2263 turns).

Kristof the Digger (Gargoyle Earth Elementalist)    Turns: 2263, Time: 00:13:25

Health: 0/24       AC:  8    Str: 11    XL:     4   Next: 91%
Magic:  3/9        EV: 12    Int: 17    God:
Gold:   114        SH:  0    Dex: 10    Spells: 3 memorised, 4 levels left

rFire  . . .     SeeInvis .     m - 88 stones
rCold  . . .     Gourm    .     a - +1 robe
rNeg   + . .     Faith    .     (no shield)
rPois  ∞         Spirit   .     (no helmet)
rElec  +         Dismiss  .     (no cloak)
rCorr  .         Reflect  .     f - +1 pair of gloves
SustAt .         Harm     .     (no boots)
MR     .....                    i - amulet of regeneration
Stlth  ++........               (no ring)
                                (no ring)

@: not resistant to hostile enchantments, unstealthy
A: negative energy resistance 1, electricity resistance, unbreathing,
petrification resistance, rot immunity, AC +3
a: no special abilities


You were on level 3 of the Dungeon.
You were hungry.

You visited 1 branch of the dungeon, and saw 3 of its levels.

You collected 114 gold pieces.

Inventory:

Hand Weapons
 e - a +0 dagger
 n - a +1 vampiric dagger
Missiles
 m - 88 stones (in hand)
Armour
 a - a +1 robe (worn)
 f - a +1 pair of gloves (worn)
Jewellery
 i - an amulet of regeneration (around neck)
Scrolls
 j - a scroll of remove curse
Potions
 b - 2 potions of brilliance
 k - a potion of beneficial mutation {unknown}
 o - a potion of agility {unknown}
 p - 2 potions of lignification {unknown}
Books
 c - a book of Geomancy

   Spells                             Type                      Level
   a - Sandblast                      Earth                        1
   b - Stoneskin                      Transmutation/Earth          2
   c - Passwall                       Transmutation/Earth          3
   d - Stone Arrow                    Conjuration/Earth            3
   e - Petrify                        Transmutation/Earth          4
   f - Lee's Rapid Deconstruction     Earth                        5
Comestibles
 d - 3 bread rations
 g - a beef jerky
 l - 3 chunks of flesh


   Skills:
 - Level 1.5 Dodging
 - Level 2.1 Stealth
 * Level 3.8 Spellcasting
 + Level 0.4 Conjurations
 - Level 0.7 Transmutations
 + Level 4.7 Earth Magic


You had 4 spell levels left.
You knew the following spells:

 Your Spells              Type           Power        Failure   Level  Hunger
a - Sandblast             Erth           ###...       2%          1    None
b - Stoneskin             Trmt/Erth      ##......     10%         2    ##.....
c - Stone Arrow           Conj/Erth      ##....       17%         3    ###....


Dungeon Overview and Level Annotations

Branches:
Dungeon (3/15)

Altars:
Pakellas
Trog
Xom

Annotations:
D:3 stburah's ghost, amateur FoFi


Innate Abilities, Weirdness & Mutations

You are resistant to torment.
Your stone body is resilient (AC +3).
You are immune to poison.
You resist negative energy.
You are resistant to electric shocks.
You can survive without breathing.
You are immune to petrification.
You are immune to rotting.


Message History

The rocky blast hits stburah's ghost.
Stburah's ghost is lightly damaged.
The bat closely misses you. Stburah's ghost hits you!
Casting: Sandblast
Confirm with . or Enter, or press ? or * to list all spells.
Aiming: Sandblast
Press: ? - help, Shift-Dir - straight line, f/p - stburah's ghost
Aim: stburah's ghost (lightly damaged)
The rocky blast misses stburah's ghost.
The bat hits you but does no damage. Stburah's ghost hits you.
Casting: Sandblast
Confirm with . or Enter, or press ? or * to list all spells.
Aiming: Sandblast
Press: ? - help, Shift-Dir - straight line, f/p - stburah's ghost
Aim: stburah's ghost (lightly damaged)
The rocky blast hits stburah's ghost.
Stburah's ghost is lightly damaged.
The bat hits you but does no damage. Stburah's ghost hits you!
Ouch! That really hurt!
You die...

>...#....#####.# ###
...............## #..
..#.#............#####..
###..##.#...####........
.....##...### ######...
####......# ##.>
#......############..
##.....#........#....
#..@b..........#)#[.
#....W......†......###
#.#..............###
...#.....#........#
####......#........#
#......#..#######
........##.#
.######..... ...


You could see stburah's ghost and a bat.

Vanquished Creatures
  Robin (D:2)
  4 adders
  2 oozes
  2 giant geckos
  An orc (D:3)
  A giant cockroach (D:1)
  15 goblins
  7 hobgoblins
  2 ball pythons
  2 bats (D:1)
  3 giant newts (D:3)
  A kobold (D:3)
  11 rats
52 creatures vanquished.

Notes
Turn   | Place    | Note
--------------------------------------------------------------
     0 | D:1      | Kristof the Gargoyle Earth Elementalist began the quest for the Orb.
     0 | D:1      | Reached XP level 1. HP: 10/10 MP: 3/3
   226 | D:1      | Reached XP level 2. HP: 15/15 MP: 1/5
   403 | D:1      | Reached skill level 4 in Earth Magic
   415 | D:1      | Learned a level 2 spell: Stoneskin
   707 | D:2      | Reached XP level 3. HP: 19/19 MP: 5/7
   896 | D:2      | Noticed a moth of wrath
   900 | D:2      | Found a bloodstained altar of Trog.
  1064 | D:2      | Reached XP level 4. HP: 24/24 MP: 5/8
  1098 | D:2      | Noticed Robin
  1229 | D:2      | Killed Robin
  1450 | D:2      | Learned a level 3 spell: Stone Arrow
  1929 | D:2      | Found a shimmering altar of Xom.
  1931 | D:2      | Found an oddly glowing altar of Pakellas.
  2253 | D:3      | Noticed stburah's ghost (amateur FoFi)
  2263 | D:3      | Slain by stburah's ghost

Vault maps used:
D:1:      roderic_dead_forest
D:2:      tgw_trog, nicolae_overflow_hidden_temple, uniq_robin

Action                   |  1- 3 |  4- 6 || total
-------------------------+-------+-------++-------
Melee: Dagger            |     1 |    69 ||    70
 Cast: Sandblast         |    37 |    38 ||    75
  Use: Scroll            |     1 |     6 ||     7
       Potion            |       |     1 ||     1
  Eat: Chunk             |       |     4 ||     4
       Bread ration      |       |     1 ||     1
